 Dungeon Crawl Stone Soup version 0.31-a0-1570-g93c622d222 (webtiles) character file.

Game seed: 7266889028816068676

2772 dialectric the Fighter (level 9, -17/59 HPs)
             Began as a White Draconian Shapeshifter on Jan 3, 2024.
             Was a Follower of Qazlal.
             Demolished by a death yak (18 damage)
             ... on level 8 of the Dungeon.
             The game lasted 00:10:56 (7037 turns).

dialectric the Fighter (DrSh)                       Turns: 7037, Time: 00:10:57

Health: -17/59     AC: 10    Str: 20    XL:     9   Next: 42%
Magic:  9/9        EV: 14    Int: 10    God:    Qazlal [*.....]
Gold:   475        SH:  2    Dex: 12    Spells: 8/8 levels left

rFire   . .          .
                       - Unarmed
rCold   + . .        (no shield)
rNeg    . . .        (body armour unavailable)
rPois   .            (helmet restricted)
rElec   .            (no cloak)
rCorr   +            m - +2 pair of gloves {hurl}
SInv    .            (no boots)
Will    .....        (no amulet)
Stlth   +            l - ring of resist corrosion
HPRegen 0.29/turn    (no ring)
MPRegen 0.11/turn

%: no passive effects
@: maw-form
A: devouring maw, reduced hp, breathe frost, AC +7, unfitting armour, cold
resistance 1, cold-blooded, hooves 1
a: Breathe Frost, Begin Untransformation, Renounce Religion


You were on level 8 of the Dungeon.
You worshipped Qazlal.
Qazlal was aware of your devotion.
You were a creature with a mouth for a stomach.
You visited 2 branches of the dungeon, and saw 9 of its levels.
You also visited: Ossuary.

You collected 475 gold pieces.

Inventory:

Hand Weapons
 E - a +0 long sword
Missiles
 e - 5 silver javelins (quivered)
 o - 4 poisoned darts
Armour
 m - a +2 pair of gloves of hurling (worn)
Jewellery
 l - a ring of resist corrosion (left hand)
 y - a ring of magical power
 z - an amulet of magic regeneration
 C - a ring of protection from cold
 F - a +4 ring of slaying
Talismans
 b - a beast talisman
 c - a flux talisman
 A - a maw talisman (active)
Wands
 p - a wand of flame (9)
Scrolls
 d - 2 scrolls of silence
 f - 3 scrolls of identify
 h - 3 scrolls of immolation
 k - 2 scrolls of teleportation {unknown}
 q - 2 scrolls of vulnerability {unknown}
 u - a scroll of enchant armour {unknown}
 v - a scroll of fear {unknown}
 w - a scroll of amnesia {unknown}
 x - 3 scrolls of revelation
 D - a scroll of fog {unknown}
Potions
 a - 5 potions of invisibility
 g - 3 potions of curing
 i - 2 potions of haste
 j - 2 potions of mutation
 n - a potion of brilliance
 r - 2 potions of degeneration
 s - a potion of berserk rage
 t - 3 potions of resistance
 B - 2 potions of enlightenment


   Skills:
 + Level 8.3 Fighting
 + Level 6.2 Dodging
 + Level 5.0 Unarmed Combat
 * Level 7.3 Shapeshifting


You had 8 spell levels left.
You didn't know any spells.
Your spell library contained the following spells:

 Spells                   Type           Power      Damage    Failure   Level
 Magic Dart               Conj           0%         1d3       36%         1
 Lesser Beckoning         Tloc           0%         N/A       50%         2
 Searing Ray              Conj           0%         2d4       50%         2
 Gell's Gravitas          Tloc           0%         N/A       75%         3
 Teleport Other           Tloc           0%         N/A       75%         3
 Fulminant Prism          Conj/Alch      0%         3d5       98%         4


Dungeon Overview and Level Annotations

Branches:
Dungeon (8/15)             Temple (1/1) D:4            Lair (0/5) D:8
Ossuary (visited)

Altars:
Ashenzari
Cheibriados
Dithmenos
Elyvilon
Fedhas
Gozag
Kikubaaqudgha
Makhleb
Okawaru
Qazlal
Ru
Sif Muna
Trog
Uskayaw
Vehumet
Xom
Yredelemnul
Zin
The Shining One

Annotations:
D:2 Sigmund


Innate Abilities, Weirdness & Mutations

You are a creature with a mouth for a stomach.
Your midsection houses a second, enormous mouth.
Your maximum health is decreased, since you lack skill for your form.
You can breathe waves of freezing cold which knock back foes.
Your icy white scales are hard. (AC +7)
You cannot fit into any form of body armour.
Your flesh is cold resistant. (rC+)
You are cold-blooded and may be slowed by cold attacks.
You have large cloven feet.


Message History

The sky beast is lightly wounded.
The sky beast hits you but does no damage.
You barely miss the sky beast. Your kick misses the sky beast.
You tail-slap the sky beast, but do no damage.
You bite the sky beast!
The sky beast is moderately wounded.
The sky beast hits you but does no damage.
You punch the sky beast! You kick the sky beast.
The sky beast is almost dead.
The sky beast closely misses you.
You barely miss the sky beast. You kick the sky beast.
You devour half of the sky beast!
You feel better.
You kill the sky beast!
Qazlal accepts your kill.
Your Unarmed Combat skill increases to level 5!
No target in view!
No target in view!
No target in view!
No target in view!
Found a scroll labelled BUPSYWK NUPE. 2 death yaks come into view.
The death yak bellows!
You hear a bellow!
There are monsters nearby! 2 death yaks come into view.
The death yak bellows! x3
There are monsters nearby!
A death yak comes into view.
Found a staircase to the Lair.
The death yak bellows!
The death yak gores you!!
Okay, then.
The death yak attacks as it pursues you!
The death yak gores you!
The death yak attacks as it pursues you!
The death yak gores you!!
* * * LOW HITPOINT WARNING * * *
The death yak is engulfed in freezing vapours.
The death yak attacks as it pursues you!
The death yak gores you!!
You die...

.........#....#####......
..#'#....#.......##....#
.................##....#
..).......##...........#
...<..(...##.#.........#
..#....#####.#.........#
######## #.#.........#
...... ..#.........#
...... .##..W...?..#
...... ###YY.....##
...oo. #○Y........ ......
#.Y......... #.....
..Y.......... ....##
...............
.................
................
....>......#...


You could see 5 death yaks.

Vanquished Creatures
  An ice beast (D:6)
  A hornet zombie (D:7)
  3 sky beasts
  2 ogres (D:5)
  3 centaurs
  An elf zombie (Ossuary)
  A kobold brigand (D:7)
  A weeping skull (Ossuary)
  4 bullfrogs
  2 scorpions
  2 burial acolytes (Ossuary)
  5 killer bees (D:7)
  2 bombardier beetles
  A centaur zombie (Ossuary)
  3 jellies
  6 orc priests
  3 hounds
  5 orc wizards
  4 iguanas
  6 hound zombies (Ossuary)
  A howler monkey zombie (D:7)
  2 mummies (Ossuary)
  Robin (D:4)
  3 gnolls (D:3)
  7 adders
  A shadow imp (D:6)
  2 ufetubi (D:6)
  A dart slug (D:2)
  2 ribbon worms (D:4)
  10 orcs
  4 endoplasms
  3 giant cockroaches
  9 goblins
  9 hobgoblins
  5 jackals
  8 kobolds
  4 quokkas
  4 ball pythons
  3 bats
  3 frilled lizards
  3 gnoll zombies (Ossuary)
  An orc zombie (Ossuary)
  6 rats
148 creatures vanquished.

Notes
Turn   | Place    | Note
-------+----------+-------------------------------------------
     0 | D:1      | dialectric the Draconian Shapeshifter began the quest for
                  | the Orb.
     0 | D:1      | Reached XP level 1. HP: 16/16 MP: 1/1
   242 | D:1      | Found a faded altar of an unknown god.
   257 | D:1      | Reached XP level 2. HP: 24/24 MP: 2/2
   514 | D:2      | Reached skill level 2 in Fighting
   708 | D:2      | Reached XP level 3. HP: 29/30 MP: 3/3
   772 | D:2      | Noticed Sigmund
   997 | D:3      | You fall into a shaft and drop 1 floor!
  1035 | D:4      | Reached skill level 3 in Fighting
  1071 | D:4      | Reached XP level 4. HP: 38/38 MP: 4/4
  1117 | D:4      | Reached XP level 5. HP: 31/46 MP: 5/5
  1194 | D:4      | Found a sand-covered staircase.
  1200 | Ossuary  | Entered an ossuary
  1243 | Ossuary  | Reached skill level 4 in Fighting
  1362 | Ossuary  | Reached XP level 6. HP: 47/53 MP: 6/6
  1510 | Ossuary  | Reached skill level 5 in Fighting
  1833 | Ossuary  | Your scales start taking on an icy white colour.
  1833 | Ossuary  | Reached XP level 7. HP: 46/62 MP: 7/7
  1833 | Ossuary  | Gained mutation: Your flesh is cold resistant. (rC+) [White
                  | Draconian growth]
  1937 | D:4      | Noticed Robin
  1945 | D:4      | Killed Robin
  2092 | D:4      | Reached skill level 6 in Fighting
  2354 | D:4      | Found a staircase to the Ecumenical Temple.
  2511 | Temple   | Entered the Ecumenical Temple
  2533 | Temple   | Became a worshipper of Qazlal Stormbringer
  2921 | D:3      | Found a shimmering altar of Xom.
  3171 | D:3      | Found a sacrificial altar of Ru.
  3175 | D:3      | Found a hide-covered altar of Uskayaw.
  3180 | D:3      | Found a snail-covered altar of Cheibriados.
  3334 | D:5      | Entered Level 5 of the Dungeon
  3830 | D:5      | Reached skill level 5 in Shapeshifting
  4051 | D:6      | Reached XP level 8. HP: 29/71 MP: 8/8
  4131 | D:6      | Reached skill level 7 in Fighting
  4131 | D:6      | Reached skill level 5 in Dodging
  4196 | D:6      | Found a shimmering blue altar of Sif Muna.
  4437 | D:6      | Found a bloodstained altar of Trog.
  4602 | D:6      | Reached * piety under Qazlal
  4744 | D:5      | Found a radiant altar of Vehumet.
  5012 | D:5      | Found an iron altar of Okawaru.
  5652 | D:7      | Found a broken altar of Ashenzari.
  5777 | D:7      | Reached XP level 9. HP: 43/81 MP: 9/9
  6029 | D:7      | Reached skill level 8 in Fighting
  6410 | D:7      | Found a basalt altar of Yredelemnul.
  6517 | D:7      | Gained mutation: You have hidden genetic defects. [potion
                  | of mutation]
  6517 | D:7      | Lost mutation: You have hidden genetic defects. [potion of
                  | mutation]
  6517 | D:7      | Gained mutation: You have large cloven feet. [potion of
                  | mutation]
  7026 | D:8      | Reached skill level 5 in Unarmed Combat
  7032 | D:8      | Noticed a death yak
  7032 | D:8      | Noticed a death yak
  7033 | D:8      | Noticed a death yak
  7033 | D:8      | Noticed a death yak
  7034 | D:8      | Found a staircase to the Lair.
  7034 | D:8      | Noticed a death yak
  7037 | D:8      | HP: 1/59 [death yak (22)]
  7037 | D:8      | Demolished by a death yak

Illustrated notes

Levels and vault maps discovered:
D:1:      lightli_arrival_statuegarden, layout_rooms,
          hellmonk_ecumenical_altar_blasted, minmay_ruptured
D:2:      layout_basic, uniq_sigmund, uniq_crazy_yiuf_cottage
D:3:      layout_loops_ring, general_overflow_altar,
          grunt_temple_overflow_diamond, minmay_misc_feat_alley
D:4:      layout_rooms, minmay_temple_entry_fiery, nicolae_ossuary_entry_plus,
          uniq_robin
D:5:      layout_cave_pods, mainiacjoe_overflow_alcove_2,
          mainiacjoe_overflow_alcove_1
D:6:      layout_gridville, mainiacjoe_overflow_brackets,
          mainiacjoe_overflow_catwalk
D:7:      layout_basic, lemuel_zombie_altar_yredelemnul,
          nicolae_ashenzari_skybound
D:8:      layout_basic, nemelex_spade_bored_becter, dpeg_lair_monsters,
          serial_corexii_hall, chequers_hall_statues_corner_a,
          corexii_hall_statues_x
Temple:   compressed_dpeg_triangle_lava_temple

Skill      XL: |  1  2  3  4  5  6  7  8  9 |
---------------+----------------------------+-----
Dodging        | 2 3 4 5 6 |  6.2
Fighting       | 2 3 4 5 6 7 8 |  8.3
Shapeshifting  | 4 5 6 7 |  7.3
Unarmed Combat | 4 5 |  5.0

Action                     |  1- 3 |  4- 6 |  7- 9 || total
---------------------------+-------+-------+-------++-------
  Melee: Unarmed           |    69 |   156 |   286 ||   511
         Tailslap          |     6 |    19 |    39 ||    64
         Punch             |     3 |     4 |     7 ||    14
         Maw               |       |       |    53 ||    53
         Kick              |       |       |     4 ||     4
  Throw: Javelin           |     1 |       |       ||     1
Ability: Breathe Frost     |       |       |    16 ||    16
         Begin Untransform |       |       |     1 ||     1
    Use: Potion            |       |     3 |     4 ||     7
         Scroll            |       |     1 |    10 ||    11
   Stab: Sleeping          |     1 |       |       ||     1
 Armour: Skin              |    32 |   125 |   241 ||   398
  Dodge: Dodged            |    35 |    84 |   247 ||   366
  Block: Other             |       |       |    10 ||    10
   Form: Maw               |       |       |     1 ||     1

Table legend: (Time is in decaauts)
 A = Elapsed time spent in this place.
 B = Non-inter-level travel time spent in this place.
 C = Inter-level travel time spent in this place.
 D = Time resting spent in this place.
 E = Time spent auto-exploring this place.
 F = Levels seen in this place.
 G = Mean time per level.
                   A        B        C        D        E       F      G
               +--------+--------+--------+--------+--------+-----+--------+
         Total |   7011 |   6658 |    353 |    537 |   4577 |  10 |  701.1 |
       Dungeon |   6278 |   5943 |    335 |    469 |   4196 |   8 |  784.8 |
        Temple |     40 |     22 |     18 |      0 |      0 |   1 |   40.0 |
       Ossuary |    692 |    692 |      0 |     68 |    381 |   1 |  692.0 |
               +--------+--------+--------+--------+--------+-----+--------+

Top non-repeatable levels by time:
     D:7: 1304 daAuts
     D:5: 1215 daAuts
     D:6: 962 daAuts
     D:3: 960 daAuts
     D:4: 910 daAuts
 Ossuary: 692 daAuts
     D:1: 462 daAuts
     D:2: 314 daAuts
     D:8: 149 daAuts
  Temple: 40 daAuts
